 Dungeon Crawl Stone Soup version 0.21-a0-442-g848f44b (webtiles) character file.

109 theanonym the Chopper (level 4, 0/58 HPs)
             Began as a Minotaur Chaos Knight on Nov 16, 2017.
             Engulfed by a cloud of noxious fumes (2 damage)
             ... on level 1 of the Abyss.
             The game lasted 00:04:19 (1789 turns).

theanonym the Chopper (Minotaur Chaos Knight)       Turns: 1789, Time: 00:04:20

Health: 0/58       AC:  7    Str: 23    XL:     4   Next: 59%
Magic:  3/3        EV: 16    Int: 11    God:    Xom [.*....]
Gold:   116        SH:  0    Dex: 14    Spells: 3/3 levels left

rFire    + . .     SeeInvis .   a - +0 hand axe (chaos)
rCold    x . .     Gourm    .   (no shield)
rNeg     . . .     Faith    .   b - +2 leather armour
rPois    .         Spirit   .   (helmet restricted)
rElec    .         Reflect  +   (no cloak)
rCorr    .         Harm     .   n - +1 pair of gloves
MR       .....                  (no boots)
Stlth    ..........             v - amulet of Tender Moments {Reflect Int+2 SH+4}
HPRegen  0.19/turn              (no ring)
MPRegen  0.08/turn              o - ring of fire {rF+, rC-}

@: confused, agile, berserking (expiring), very quick
A: retaliatory headbutt, horns 2
a: Renounce Religion


Innate Abilities, Weirdness & Mutations

You reflexively headbutt those who attack you in melee.
You have a pair of horns on your head.


   Skills:
 + Level 3.6 Fighting
 - Level 6.5 Axes
 - Level 2.4 Armour
 - Level 1.1 Dodging


You had 3 spell levels left.
You didn't know any spells.

Skill      XL: |  1  2  3 |
---------------+----------+-----
Axes           | 4 5 6 |  6.5
Fighting       | |  3.6
Armour         | |  2.4
Dodging        | |  1.1

Action                   |  1- 3 |  4- 6 || total
-------------------------+-------+-------++-------
Melee: Hand axe          |    77 |    18 ||    95
       Headbutt          |    12 |     3 ||    15
  Use: Scroll            |       |     3 ||     3
       Potion            |       |     2 ||     2
  Eat: Chunk             |     1 |     1 ||     2
Armor: Leather armour    |    23 |     6 ||    29
Dodge: Dodged            |    53 |    14 ||    67

Inventory:

Hand Weapons
 a - a +0 hand axe of chaos (weapon)
Missiles
 f - 4 javelins of penetration (quivered)
Armour
 b - a +2 leather armour (worn)
 n - a +1 pair of gloves (worn)
   (You found it on level 1 of the Dungeon)
Jewellery
 o - a ring of fire (right hand) {rF+, rC-}
   (You found it on level 1 of the Dungeon)
 v - the amulet of Tender Moments (around neck) {Reflect Int+2 SH+4}
   (You found it on level 1 of the Abyss)

   [amulet of reflection]

   It shields you and reflects attacks.
   It affects your intelligence (+2).
   It affects your SH (+4).
Scrolls
 d - a scroll of recharging {unknown}
 e - a scroll of enchant armour {unknown}
 i - 2 scrolls of remove curse {unknown}
 q - 3 scrolls of teleportation {unknown}
 t - a scroll of immolation {unknown}
Potions
 g - 2 potions of curing
 h - a potion of lignification {unknown}
 k - a potion of invisibility {unknown}
 l - a potion of brilliance {unknown}
 p - 2 potions of agility
 s - a potion of might {unknown}
Books
 u - a book of the Dragon
   (You found it on level 1 of the Abyss)

   Spells                             Type                      Level
   a - Flame Tongue                   Conjuration/Fire             1
   b - Cause Fear                     Hexes                        4
   c - Bolt of Fire                   Conjuration/Fire             6
   d - Dragon Form                    Transmutation                7
   e - Dragon's Call                  Summoning                    9
Comestibles
 c - 2 bread rations
 m - a royal jelly

Dungeon Overview and Level Annotations

Branches:
Dungeon (3/15)

Altars:
Elyvilon


You were on level 1 of the Abyss.
You worshipped Xom.
You were a plaything of Xom.
You were hungry.

You visited 1 branch of the dungeon, and saw 3 of its levels.
You visited the Abyss 1 time.

You collected 116 gold pieces.


Message History

You take 4 damage, and have 35/39 hp.
Found 4 javelins of penetration.
Unknown command.
Found 20 stones.
f - 4 javelins of penetration
u - a book of the Dragon
v - a vibrating tin amulet
As you read the scroll labeled HUROGG LOXALE, it crumbles to dust.
It is a scroll of identify.
v - the amulet of Tender Moments {Reflect Int+2 SH+4}
r - 2 scrolls of identify;
j - a puce potion Wear which item? (? for menu, Esc to quit)
Okay, then.
Put on which piece of jewellery? (? for menu, Esc to quit)
v - the amulet of Tender Moments (around neck) {Reflect Int+2 SH+4}
As you read the scroll of identify, it crumbles to dust.
p - 3 potions of agility
As you read the scroll of identify, it crumbles to dust.
g - 2 potions of curing
Okay, then.
Unknown command.
A raiju comes into view.
Xom's power touches on you for a moment.
Noxious gases pour from your nose!
You are now a plaything of Xom.
Health restored: 39 Unknown command.
A raiju comes into view.
You are engulfed in noxious fumes.
You choke on the stench!
You are confused.
The raiju barks!
A raiju comes into view.
You feel agile all of a sudden.
You are engulfed in noxious fumes.
You choke on the stench!
You are more confused.
The raiju moves out of view.
You take 1 damage, and have 38/39 hp.
It was a potion of berserk rage.
A red film seems to cover your vision as you go berserk!
You feel yourself moving faster!
You feel mighty!
Xom roars with laughter!
You are engulfed in noxious fumes.
You now have 57/58 hp.
You bump into the stone wall.
You feel a strong urge to attack something.
You are engulfed in noxious fumes.
You choke on the stench!
You are more confused.
The raiju barks!
The raiju bursts into living lightning!
The living lightning misses the raiju.
The living lightning hits the raiju.
The raiju completely resists.
The living lightning hits you!
The raiju blinks! x4
The raiju is engulfed in noxious fumes.
The raiju appears confused.
You take 17 damage, and have 40/58 hp.
MASSIVE DAMAGE!!
You are too berserk!
You're too confused to move!
You are engulfed in noxious fumes.
You choke on the stench!
You are more confused.
A raiju comes into view.
You take 1 damage, and have 39/58 hp.
You barely miss the raiju. Your headbutt misses the raiju.
You are engulfed in noxious fumes.
You choke on the stench!
You are more confused.
The raiju bites you but does no damage.
You take 1 damage, and have 38/58 hp.
You closely miss the raiju. You headbutt the raiju! You hit the raiju.
The raiju's magic leaks into the air.
The raiju appears momentarily distorted!
You are engulfed in noxious fumes.
You choke on the stench!
You are more confused.
You bump into the stone wall.
You are engulfed in noxious fumes.
The raiju is engulfed in noxious fumes.
The raiju bursts into living lightning!
The living lightning hits the raiju.
The raiju completely resists.
The living lightning hits you!
* * * LOW HITPOINT WARNING * * *
The living lightning misses you.
The raiju blinks! x4; The raiju bites you.
* * * LOW HITPOINT WARNING * * *
The raiju shocks you!
* * * LOW HITPOINT WARNING * * *
You take 20 damage, and have 18/58 hp.
MASSIVE DAMAGE!!
You closely miss the raiju.
You are engulfed in noxious fumes.
You choke on the stench!
You are more confused.
* * * LOW HITPOINT WARNING * * *
The raiju bites you!
* * * LOW HITPOINT WARNING * * *
The raiju shocks you!
* * * LOW HITPOINT WARNING * * *
You take 14 damage, and have 4/58 hp.
MASSIVE DAMAGE!!
Unknown command.
You slash the raiju! You freeze the raiju. You miss the raiju.
You are engulfed in noxious fumes.
* * * LOW HITPOINT WARNING * * *
The raiju is engulfed in noxious fumes.
The raiju appears confused.
You take 2 damage, and have 2/58 hp.
You bump into the crystal wall.
You are engulfed in noxious fumes.
You choke on the stench!
You are more confused.
You die...
Xom cackles wildly!

## #. .# # ##
##.#. #. ..h.
.#h.# #h§h##
#. #@#§. #..
##§#..#..
...##§..###.#
#.§..§#.#.##
#.####. . .#
## #. ##.. .#
..# # #....#
. .#
#.##.#...#
##. ..# .


You could see 4 raiju.

Notes
Turn   | Place    | Note
-------+----------+-------------------------------------------
     0 | D:1      | theanonym the Minotaur Chaos Knight began the quest for the Orb.
     0 | D:1      | Reached XP level 1. HP: 19/19 MP: 0/0
    17 | D:1      | XOM: harmless Tmut miscast
    80 | D:1      | Reached skill level 4 in Axes
    92 | D:1      | Reached XP level 2. HP: 20/26 MP: 1/1
   359 | D:1      | XOM: harmless Fire miscast
   609 | D:1      | Found a white marble altar of Elyvilon.
   714 | D:2      | Reached skill level 5 in Axes
   721 | D:2      | Found a white marble altar of Elyvilon.
   763 | D:2      | XOM: silly message
   845 | D:2      | Reached XP level 3. HP: 31/31 MP: 2/2
  1004 | D:2      | XOM: harmless Conj miscast
  1271 | D:3      | Reached skill level 6 in Axes
  1271 | D:3      | Reached XP level 4. HP: 39/39 MP: 3/3
  1285 | D:3      | XOM: butterfly on damage
  1287 | D:3      | XOM: divination: magic mapping
  1290 | D:3      | HP: 19/39 [hobgoblin (1)]
  1293 | D:3      | HP: 9/39 [orc priest/divine providence (10)]
  1293 | D:3      | XOM: butterfly on damage
  1305 | D:3      | XOM: silly message
  1721 | D:3      | Cast into level 1 of the Abyss (kobold)
  1740 | Abyss:1  | Got a vibrating tin amulet
  1741 | Abyss:1  | Identified the amulet of Tender Moments {Reflect Int+2 SH+4} (You found it on level 1 of the Abyss)
  1778 | Abyss:1  | Noticed a raiju
  1778 | Abyss:1  | XOM: mild Air miscast
  1779 | Abyss:1  | Noticed a raiju
  1780 | Abyss:1  | Noticed a raiju
  1784 | Abyss:1  | Noticed a raiju
  1786 | Abyss:1  | HP: 29/58 [raiju/living lightning (9)]
  1787 | Abyss:1  | HP: 11/58 [raiju (7)]
  1787 | Abyss:1  | HP: 4/58 [raiju (7)]
  1789 | Abyss:1  | Engulfed by a cloud of noxious fumes

Vanquished Creatures
  An orc priest (D:3)
  A worker ant (D:2)
  A dart slug (D:1)
  4 orcs (D:3)
  2 ball pythons (D:1)
  4 giant cockroaches
  6 goblins
  9 hobgoblins
  3 jackals (D:2)
  A quokka (D:2)
  5 bats
  2 frilled lizards
  A kobold (D:2)
  A quokka skeleton (D:3)
  6 rats
47 creatures vanquished.
